AoeStats
← BigPlayJodway

Migration

504137865Analyzed
1v1 RM · 1mo ago on Sep 4, 2026· 58m 56s· 2 players
Game mode
Random Map
Map size
132×132
Population
200
Speed
Normal
Resources
Standard
Victory
Conquest
Starting age
Dark Age
Ending age
Imperial Age
RankedLock teamsTeams togetherTeam positionsShared explorationLock speedFull tech treeHidden civsTurbo modeCheats
Victory
Defeat
🇵🇪 Vikings · Peru
1107
+16
🇺🇸 Armenians · United States
1111
-16
Joker-lml
5:57 Loom
10:35 Feudal Age
18:19 Castle Age
16:54 Double-Bit Axe
17:03 Gold Mining
18:17 Fletching
21:05 Bodkin Arrow
24:02 Bow Saw
25:10 Ballistics
26:45 Careening
28:25 Stone Mining
28:55 Fishing Lines
30:18 Crossbowman
35:17 Gold Shaft Mining
37:26 Imperial Age
39:27 Chemistry
38:51 Crossbowman
39:54 Conscription
43:38 Arbalester
44:37 Padded Archer Armor
44:39 Bracer
44:40 Padded Archer Armor
45:59 Bogsveigar
46:35 Leather Archer Armor
50:04 Town Watch
50:16 Onager
51:14 Elite Longship
52:35 Siege Engineers
52:41 Masonry
52:37 Heavy Scorpion
55:59 Scale Mail Armor
56:11 Forging
58:38 Iron Casting
58:18 Chain Mail Armor
BigPlayJodway
9:53 Loom
12:26 Feudal Age
16:47 Castle Age
18:14 Forging
18:08 Scale Mail Armor
19:56 Medium Warships
21:16 Double-Bit Axe
21:43 Demolition Ship
22:05 Fishing Lines
23:52 Fletching
24:28 Horse Collar
25:11 Man-at-Arms
25:37 Gambesons
26:51 Padded Archer Armor
26:52 Long Swordsman
27:33 Squires
27:18 Arson
28:20 Two-Handed Swordsman
31:57 Cilician Fleet
32:03 Cilician Fleet
31:53 Gillnets
35:07 Imperial Age
34:25 Wheelbarrow
34:26 Bow Saw
34:07 Gold Mining
34:10 Stone Mining
34:37 Town Watch
34:51 Bodkin Arrow
35:32 Iron Casting
35:12 Leather Archer Armor
36:12 Gold Shaft Mining
36:02 Capped Ram
37:50 Champion
38:46 Siege Ram
40:22 Conscription
39:51 Elite Composite Bowman
42:14 Heavy Scorpion
44:14 Ballistics
47:34 Blast Furnace
46:49 Chain Mail Armor
46:36 Bracer
52:22 Heavy Warships
Connection lost

Rejoining the realm…

Still unreachable

The connection could not be restored.

Session expired

The server has moved on; the page needs a fresh start.